Map: Triton LE

Players

Scarlett - Winner!

  • Race: Zerg Zerg
  • Spawn Location: 5:00

Nerchio

  • Race: Zerg Zerg
  • League: Master
  • Spawn Location: 11:00

VOD

Have the link to the VOD?

Description

Time

  • Played on: Jan. 13, 2020, 3:12 p.m.
  • Length: 11:19
Show
View Real Time Build Order
Export as new Build Order

Scarlett Zerg - Winner!

Build Orders: Hatch First 

Get SALT Encoding   

  12  0:00  Drone  
  13  0:12  Overlord  
  13  0:17  Drone  
  14  0:31  Drone x2  
  16  0:47  Hatchery  
  15  0:51  Drone  
  15  0:54  Drone  
  17  0:57  Drone  
  17  1:01  Extractor  
  17  1:13  Spawning Pool  
  17  1:16  Drone  
  17  1:19  Drone  
  18  1:28  Drone  
  19  1:39  Drone  
  20  1:50  Drone  
  21  1:54  Evolution Chamber  
  21  1:59  Drone  
  21  2:00  Queen x2  
  25  2:01  Drone  
  26  2:10  Drone  
  26  2:11  Overlord  
  27  2:20  Drone  
  28  2:24  Zerg Ground Armor Level 1  
  28  2:30  Zergling x2  
  28  2:31  Drone  
  28  2:34  Drone  
  31  2:38  Queen  
  31  2:43  Overlord  
  33  2:48  Drone  
  34  2:59  Drone x2, Metabolic Boost  
  36  3:07  Drone x6  
  42  3:13  Overlord  
  42  3:18  Zergling x2, Drone  
  44  3:34  Zergling x6  
  44  3:41  Zergling x10, Hatchery  
  46  3:47  Overlord  
  46  3:48  Zergling x2  
  52  3:54  Lair  
  52  3:57  Roach Warren  
  52  4:01  Drone  
  52  4:03  Extractor x2  
  52  4:07  Drone x4  
  54  4:15  Zergling x8  
  57  4:21  Zerg Missile Weapons Level 1  
  55  4:27  Overlord  
  55  4:28  Overlord  
  55  4:31  Zergling x6  
  53  4:39  Roach x2  
  57  4:46  Roach x4  
  65  4:53  Drone  
  65  4:54  Drone x2  
  65  4:57  Drone  
  65  4:58  Glial Reconstitution  
  69  5:04  Overlord  
  69  5:05  Overlord  
  69  5:12  Roach x3  
  75  5:18  Overlord x2  
  75  5:23  Roach x2  
  75  5:26  Roach  
  81  5:29  Roach  
  81  5:31  Roach  
  81  5:34  Roach  
  87  5:37  Roach  
  87  5:42  Roach x2  
  93  5:45  Roach x2  
  93  5:49  Roach  
  98  5:52  Roach x2  
  98  5:55  Roach  
  104  5:59  Zergling x2, Roach  
  104  6:03  Zergling x6  
  107  6:12  Zergling x10  
  107  6:16  Zergling x6  
  104  6:24  Roach x3  
  87  6:32  Roach x3  
  87  6:41  Zerg Ground Armor Level 2  
  87  6:47  Roach  
  87  6:53  Roach x2  
  93  6:56  Zergling x10, Roach  
  93  6:58  Roach  
  83  7:02  Roach  
  83  7:04  Roach  
  83  7:06  Roach  
  72  7:11  Zergling x2, Roach  
  69  7:16  Queen  
  69  7:19  Queen  
  73  7:29  Roach x2  
  79  7:32  Roach  
  79  7:35  Roach x3  
  85  7:40  Roach x2  
  89  7:47  Roach x2  
  93  7:54  Roach  
  93  7:55  Roach x3  
  93  7:58  Roach  
  93  8:02  Roach  
  93  8:04  Queen  
  91  8:07  Roach  
  93  8:13  Roach x2  
  93  8:19  Roach x2  
  101  8:23  Overlord  
  101  8:28  Overlord  
  101  8:29  Overlord  
  101  8:35  Roach x2  
  101  8:37  Overlord  
  101  8:39  Ravager  
  106  8:47  Roach x4  
  114  8:55  Roach x3  
  120  9:16  Roach x2  
  124  9:26  Roach x3  
  124  9:28  Overlord x4  
  130  9:37  Roach x4  
  138  9:50  Roach x4  
  146  10:02  Roach x4  
  154  10:11  Roach x3  
  159  10:25  Roach x5  
  164  10:31  Queen x2  
  164  10:32  Queen  
  168  10:48  Drone x2  
  168  10:49  Overlord x4  
Show
View Real Time Build Order
Export as new Build Order

Nerchio Zerg 

Build Orders: Hatch First 

Get SALT Encoding   

  12  0:00  Drone  
  13  0:13  Overlord  
  13  0:17  Drone  
  14  0:31  Drone x2  
  14  0:35  Drone  
  17  0:52  Hatchery  
  17  0:55  Drone  
  17  0:58  Drone  
  17  1:01  Extractor  
  17  1:14  Spawning Pool  
  17  1:16  Drone  
  17  1:20  Drone  
  18  1:29  Drone  
  19  1:39  Overlord  
  19  1:50  Drone  
  20  2:01  Queen  
  20  2:02  Metabolic Boost  
  20  2:04  Zergling x2, Queen  
  20  2:08  Zergling x2  
  26  2:11  Drone  
  26  2:14  Drone  
  28  2:23  Drone  
  28  2:25  Drone  
  30  2:35  Hatchery  
  29  2:39  Drone  
  29  2:40  Drone  
  31  2:46  Overlord  
  31  2:50  Drone  
  32  2:54  Queen  
  33  3:00  Drone x2  
  35  3:07  Drone  
  35  3:12  Drone x5  
  41  3:21  Overlord  
  40  3:28  Drone x3  
  43  3:35  Evolution Chamber  
  43  3:37  Queen  
  43  3:38  Baneling Nest  
  43  3:40  Drone x2  
  45  3:42  Drone  
  45  3:47  Zergling x2  
  45  3:48  Zergling x6  
  50  3:50  Zergling x2  
  50  3:51  Zergling x2  
  50  3:52  Zergling x2  
  53  3:56  Zergling x4  
  53  3:59  Zergling x2  
  53  4:02  Zerg Melee Weapons Level 1  
  56  4:06  Overlord  
  56  4:10  Zergling x4  
  56  4:13  Overlord x2  
  58  4:17  Overlord  
  58  4:23  Baneling x2  
  56  4:27  Zergling x2  
  56  4:30  Overlord x2  
  57  4:33  Zergling x10  
  57  4:38  Zergling x4  
  59  4:42  Zergling x4  
  61  4:46  Zergling x10  
  61  4:49  Zergling x2  
  67  4:56  Zergling x2  
  68  5:01  Zergling x2  
  68  5:02  Zergling x8  
  68  5:06  Zergling x2  
  74  5:08  Zergling x2  
  75  5:17  Zergling x2  
  75  5:18  Zergling x8  
  75  5:20  Zergling x6  
  82  5:33  Zergling x2  
  82  5:34  Zergling x10  
  88  5:37  Zergling x2  
  88  5:41  Zergling x4  
  91  5:47  Zergling x12  
  97  5:50  Overlord  
  97  5:56  Zerg Ground Armor Level 1  
  97  5:59  Baneling x6  
  97  6:07  Zergling x2  
  97  6:08  Overlord  
  96  6:12  Zergling x18  
  96  6:14  Zergling x2  
  96  6:15  Zergling x4  
  96  6:16  Zergling x2  
  96  6:17  Zergling x4  
  91  6:26  Zergling x2  
  91  6:27  Zergling x4  
  92  6:38  Zergling x6  
  94  6:40  Baneling  
  94  6:41  Baneling x4  
  94  6:46  Zergling x6  
  93  6:56  Zergling x2  
  93  6:57  Zergling x4  
  93  6:58  Zergling x2, Hatchery  
  93  6:59  Zergling x4  
  78  7:01  Zergling x2  
  78  7:02  Zergling x4  
  78  7:03  Zergling x2  
  78  7:04  Zergling x4  
  69  7:13  Zergling x2  
  69  7:14  Zergling x8  
  69  7:23  Baneling x3  
  69  7:24  Baneling  
  69  7:26  Zergling x4  
  69  7:27  Zergling x4  
  69  7:28  Zergling x4  
  75  7:33  Zergling x2, Baneling  
  76  7:41  Zergling x10  
  76  7:43  Baneling  
  82  7:44  Zergling x2  
  82  7:48  Zergling x8  
  73  7:58  Zergling x2  
  73  7:59  Zergling x10  
  73  8:02  Zergling x2  
  72  8:08  Zergling x2  
  72  8:10  Zergling x8  
  72  8:12  Zergling x4  
  79  8:15  Roach Warren  
  79  8:16  Extractor  
  79  8:18  Extractor  
  76  8:20  Drone x3  
  76  8:21  Lair  
  76  8:23  Drone x3  
  82  8:29  Drone x2  
  82  8:30  Drone x2  
  82  8:32  Extractor  
  85  8:41  Zergling x14  
  92  8:54  Overlord x2  
  92  9:06  Zerg Missile Weapons Level 1  
  92  9:11  Roach x8  
  92  9:12  Roach  
  110  9:18  Roach  
  110  9:19  Roach  
  110  9:23  Glial Reconstitution  
  113  9:29  Roach x2  
  116  9:33  Roach x2  
  116  9:36  Roach  
  123  9:38  Roach  
  123  9:44  Roach x2  
  124  9:51  Roach x3  
  130  9:55  Roach  
  130  9:57  Overlord  
  132  10:03  Overlord x2  
  128  10:16  Roach  
  128  10:17  Roach x4  
  128  10:19  Roach  
  139  10:23  Roach  
  139  10:24  Roach  
  139  10:25  Roach  
  134  10:29  Roach  
  134  10:30  Roach  
  134  10:33  Roach  
  135  10:36  Roach  
  135  10:39  Roach  
  135  10:40  Roach  
  138  10:45  Roach x2  
  138  10:49  Roach  
  145  10:50  Roach  
  145  10:52  Roach  
  145  10:55  Roach  
  139  10:57  Roach  
Tags
 
Add a new tag
Caveats
  • Supply blocks, unpowered buildings, or Contaminate may cause inaccurate times.
  • Supply counts are checked every 10 seconds.